TOP OF THE 1ST |
Chicago (NYP) White Sox batting - Pitching for Idaho Falls Chukars : RHP Alex Rivas
|
Pitching: RHP Alex Rivas
|
|
Batting: RHB Bobby Heagle
|
0-0: Ball 1-0: Foul Ball, location: 2F 1-1: Swinging Strike 1-2: Foul Ball, location: 2F 1-2: Ball 2-2: Ground out 4-3 (Groundball, 4M, EV 85.6 MPH)
|
Batting: SHB Danny Gallegos
|
0-0: Ball 1-0: Ball 2-0: Called Strike 2-1: Ball 3-1: Foul Ball, location: 2F 3-2: Base on Balls
|
Batting: LHB Anthony Mosley
|
0-0: Fielders Choice at 2nd, 4-6 (Groundball, 34, EV 90.0 MPH)
|
Batting: RHB Shintaro Katsumata
|
0-0: Called Strike 0-1: Ball Anthony Mosley is caught stealing 2nd base 2-4
|
Top of the 1st over - 0 runs, 0 hits, 0 errors, 0 left on base; Chicago (NYP) 0 - Idaho Falls 0 |
BOTTOM OF THE 1ST |
Idaho Falls Chukars batting - Pitching for Chicago (NYP) White Sox : RHP Jose Barreras
|
Pitching: RHP Jose Barreras
|
|
Batting: RHB Shura Mogilny
|
0-0: Called Strike 0-1: Swinging Strike 0-2: Strikes out looking
|
Batting: RHB Milanni Isaaka
|
0-0: Called Strike 0-1: Ball 1-1: Ground out U3 (Groundball, 3, EV 90.0 MPH)
|
Batting: RHB Hugo Chavez
|
0-0: Ball 1-0: Called Strike 1-1: Called Strike 1-2: DOUBLE (Groundball, 5L, EV 107.5 MPH)
|
Batting: LHB Jayden Pelayo
|
0-0: Foul Ball, location: 2F 0-1: Ball 1-1: Foul Ball, location: 2F 1-2: Strikes out swinging
|
Bottom of the 1st over - 0 runs, 1 hit, 0 errors, 1 left on base; Chicago (NYP) 0 - Idaho Falls 0 |
TOP OF THE 2ND |
Chicago (NYP) White Sox batting - Pitching for Idaho Falls Chukars : RHP Alex Rivas
|
Batting: RHB Shintaro Katsumata
|
0-0: Ball 1-0: Ball 2-0: Ground out 5-3 (Groundball, 5L, EV 81.2 MPH)
|
Batting: RHB Steve Byerly
|
0-0: Called Strike 0-1: Ball 1-1: Ground out 6-3 (Groundball, 6S, EV 75.0 MPH)
|
Batting: RHB Sean Peake
|
0-0: Called Strike 0-1: Reached on error, E2 (Groundball, 2R, EV 65.6 MPH)
|
Batting: RHB Yorkis Saiki
|
0-0: Foul Ball, location: 2F 0-1: Ball 1-1: Ball 2-1: Swinging Strike 2-2: Foul Ball, location: 2F 2-2: Ball 3-2: Base on Balls
|
Batting: SHB Manny Berrones
|
0-0: Foul Ball, location: 2F 0-1: Foul Ball, location: 2F 0-2: Foul Ball, location: 2F 0-2: Foul Ball, location: 2F 0-2: Foul Ball, location: 2F 0-2: Ball 1-2: Strikes out swinging
|
Top of the 2nd over - 0 runs, 0 hits, 1 error, 2 left on base; Chicago (NYP) 0 - Idaho Falls 0 |
BOTTOM OF THE 2ND |
Idaho Falls Chukars batting - Pitching for Chicago (NYP) White Sox : RHP Jose Barreras
|
Batting: RHB Tim Williams
|
0-0: Swinging Strike 0-1: Ground out 6-3 (Groundball, 6, EV 101.9 MPH)
|
Batting: RHB Juan Nieves
|
0-0: Foul Ball, location: 2F 0-1: Fly out, F8 (Flyball, 8RD, EV 100.6 MPH)
|
Batting: SHB Glenn Harrison
|
0-0: Foul Ball, location: 2F 0-1: Swinging Strike 0-2: Ball 1-2: Strikes out swinging
|
Bottom of the 2nd over - 0 runs, 0 hits, 0 errors, 0 left on base; Chicago (NYP) 0 - Idaho Falls 0 |
TOP OF THE 3RD |
Chicago (NYP) White Sox batting - Pitching for Idaho Falls Chukars : RHP Alex Rivas
|
Batting: RHB Bastiaan Leenders
|
0-0: Foul Ball, location: 2F 0-1: Ball 1-1: Foul Ball, location: 2F 1-2: Foul Ball, location: 2F 1-2: Foul Ball, location: 2F 1-2: Ball 2-2: Fly out, F6 (Popup, 6, EV 68.1 MPH)
|
Batting: RHB Bobby Heagle
|
0-0: Ball 1-0: Ball 2-0: Ball 3-0: Called Strike 3-1: DOUBLE (Line Drive, 89D, EV 101.2 MPH)
|
Batting: SHB Danny Gallegos
|
0-0: Ball Bobby Heagle steals 3rd base 1-0: Ball 2-0: Swinging Strike 2-1: Foul Ball, location: 2F 2-2: Ball 3-2: Foul Ball, location: 2F 3-2: Base on Balls
|
Batting: LHB Anthony Mosley
|
0-0: Ball 1-0: Called Strike Danny Gallegos steals 2nd base 1-1: Foul Ball, location: 2F 1-2: Ground out 4-3 (Groundball, 34, EV 102.5 MPH) Bobby Heagle scores Danny Gallegos to third
|
Batting: RHB Shintaro Katsumata
|
0-0: Swinging Strike 0-1: Called Strike 0-2: Strikes out swinging
|
Top of the 3rd over - 1 run, 1 hit, 0 errors, 1 left on base; Chicago (NYP) 1 - Idaho Falls 0 |
BOTTOM OF THE 3RD |
Idaho Falls Chukars batting - Pitching for Chicago (NYP) White Sox : RHP Jose Barreras
|
Batting: RHB Dermott Ayliffe
|
0-0: Ball 1-0: Ground out 4-3 (Groundball, 4S, EV 86.2 MPH)
|
Batting: RHB Tanner Holland
|
0-0: Foul Ball, location: 2F 0-1: Foul Ball, location: 2F 0-2: Ball 1-2: Foul Ball, location: 2F 1-2: Foul Ball, location: 2F 1-2: Ball 2-2: Ground out 6-3 (Groundball, 6S, EV 78.1 MPH)
|
Batting: RHB Shura Mogilny
|
0-0: Called Strike 0-1: Swinging Strike 0-2: Ball 1-2: Strikes out looking
|
Bottom of the 3rd over - 0 runs, 0 hits, 0 errors, 0 left on base; Chicago (NYP) 1 - Idaho Falls 0 |
TOP OF THE 4TH |
Chicago (NYP) White Sox batting - Pitching for Idaho Falls Chukars : RHP Alex Rivas
|
Batting: RHB Steve Byerly
|
0-0: Called Strike 0-1: Swinging Strike 0-2: Ball 1-2: Ball 2-2: Foul Ball, location: 2F 2-2: SINGLE (Groundball, 4MS, EV 74.4 MPH) (infield hit)
|
Batting: RHB Sean Peake
|
0-0: Called Strike 0-1: Foul Ball, location: 2F 0-2: Ball 1-2: Ball 2-2: Ball 3-2: Base on Balls Steve Byerly to second
|
Batting: RHB Yorkis Saiki
|
0-0: Swinging Strike 0-1: Foul Ball, location: 2F 0-2: Ball 1-2: Ball 2-2: Ball 3-2: Base on Balls Steve Byerly to third Sean Peake to second
|
Pitching: RHP Paul Gibbens
|
|
Batting: SHB Manny Berrones
|
0-0: Called Strike 0-1: Foul Ball, location: 2F 0-2: Strikes out swinging
|
Batting: RHB Bastiaan Leenders
|
0-0: Ball 1-0: Ball 2-0: Ball 3-0: Foul Ball, location: 2F 3-1: Swinging Strike 3-2: Base on Balls Steve Byerly scores Sean Peake to third Yorkis Saiki to second
|
Batting: RHB Bobby Heagle
|
0-0: Swinging Strike 0-1: Ball 1-1: Swinging Strike 1-2: Ball 2-2: Ball 3-2: Fly out, F9 (Line Drive, 9, EV 105.6 MPH) Runner from 3rd tags up, OUT at HOME! 9-2
|
Top of the 4th over - 1 run, 1 hit, 0 errors, 2 left on base; Chicago (NYP) 2 - Idaho Falls 0 |
BOTTOM OF THE 4TH |
Idaho Falls Chukars batting - Pitching for Chicago (NYP) White Sox : RHP Jose Barreras
|
Batting: RHB Milanni Isaaka
|
0-0: Called Strike 0-1: Ball 1-1: Swinging Strike 1-2: Fly out, F3 (Line Drive, 3, EV 63.1 MPH)
|
Batting: RHB Hugo Chavez
|
0-0: Ball 1-0: Ball 2-0: Foul Ball, location: 2F 2-1: Fly out, F3 (Popup, 3S, EV 78.8 MPH)
|
Batting: LHB Jayden Pelayo
|
0-0: Called Strike 0-1: Foul Ball, location: 2F 0-2: Strikes out looking
|
Bottom of the 4th over - 0 runs, 0 hits, 0 errors, 0 left on base; Chicago (NYP) 2 - Idaho Falls 0 |
TOP OF THE 5TH |
Chicago (NYP) White Sox batting - Pitching for Idaho Falls Chukars : RHP Paul Gibbens
|
Batting: SHB Danny Gallegos
|
0-0: Ball 1-0: Called Strike 1-1: Ball 2-1: Called Strike 2-2: SOLO HOME RUN (Flyball, 9D, EV 95.6 MPH), Distance : 375 ft
|
Batting: LHB Anthony Mosley
|
0-0: Ball 1-0: Ball 2-0: Ball 3-0: Called Strike 3-1: Called Strike 3-2: Foul Ball, location: 2F 3-2: Base on Balls
|
Batting: RHB Shintaro Katsumata
|
0-0: Ball 1-0: Called Strike 1-1: SINGLE (Groundball, 5S, EV 65.0 MPH) (infield hit) Anthony Mosley to second
|
Batting: RHB Steve Byerly
|
0-0: Called Strike 0-1: Ball 1-1: Ball 2-1: Fly out, F8 (Flyball, 8RS, EV 75.0 MPH)
|
Batting: RHB Sean Peake
|
0-0: Ball 1-0: Ball 2-0: Ball Wild Pitch! Anthony Mosley to third Shintaro Katsumata to second 3-0: Base on Balls
|
Batting: RHB Yorkis Saiki
|
0-0: Called Strike 0-1: Ball 1-1: SINGLE (Groundball, 56, EV 106.9 MPH) Anthony Mosley scores Shintaro Katsumata to third Sean Peake to second Runner from 3rd tries for Home, SAFE, throw by LF to home
|
Pitching: RHP Zong-yuan Xue
|
|
Batting: SHB Manny Berrones
|
0-0: Called Strike 0-1: Ball Sean Peake steals 3rd base 1-1: Ball 2-1: Ball 3-1: DOUBLE (Groundball, 3L, EV 102.5 MPH) Sean Peake scores Yorkis Saiki to third Runner from 3rd tries for Home, SAFE, throw by RF to trailing runner, OUT at third! 9-3-5
|
Batting: RHB Bastiaan Leenders
|
0-0: Ground out 4-3 (Groundball, 34, EV 83.1 MPH)
|
Top of the 5th over - 5 runs, 4 hits, 0 errors, 0 left on base; Chicago (NYP) 7 - Idaho Falls 0 |
BOTTOM OF THE 5TH |
Idaho Falls Chukars batting - Pitching for Chicago (NYP) White Sox : RHP Jose Barreras
|
Batting: RHB Tim Williams
|
0-0: Ball 1-0: Ground out 6-3 (Groundball, 56, EV 83.8 MPH)
|
Batting: RHB Juan Nieves
|
0-0: Swinging Strike 0-1: Called Strike 0-2: Strikes out swinging
|
Batting: SHB Glenn Harrison
|
0-0: Called Strike 0-1: Ball 1-1: Ball 2-1: Ball 3-1: Foul Ball, location: 2F 3-2: Strikes out looking
|
Bottom of the 5th over - 0 runs, 0 hits, 0 errors, 0 left on base; Chicago (NYP) 7 - Idaho Falls 0 |
TOP OF THE 6TH |
Chicago (NYP) White Sox batting - Pitching for Idaho Falls Chukars : RHP Zong-yuan Xue
|
Batting: RHB Bobby Heagle
|
0-0: Ball 1-0: Ball 2-0: Ball 3-0: Base on Balls
|
Batting: SHB Danny Gallegos
|
0-0: Ball 1-0: SINGLE (Groundball, 34D, EV 106.9 MPH) Bobby Heagle to second Runner from 2nd tries for 3rd, SAFE, no throw by RF
|
Batting: LHB Anthony Mosley
|
0-0: Ball 1-0: Called Strike 1-1: Ball 2-1: Ball Passed Ball! Bobby Heagle scores Danny Gallegos to second 3-1: Base on Balls
|
Batting: RHB Shintaro Katsumata
|
0-0: Called Strike 0-1: Called Strike 0-2: Strikes out looking
|
Pitching: RHP Chris Chilcoat
|
|
Batting: RHB Steve Byerly
|
0-0: Ball 1-0: Ball 2-0: Fielders Choice at 2nd, 5-4 (Groundball, 56, EV 99.4 MPH) Danny Gallegos to third
|
Batting: RHB Sean Peake
|
0-0: Called Strike 0-1: Called Strike 0-2: Ball 1-2: Ball 2-2: Foul Ball, location: 2F 2-2: Ball 3-2: Base on Balls Steve Byerly to second
|
Batting: RHB Yorkis Saiki
|
0-0: Ball 1-0: Ball 2-0: Called Strike 2-1: SINGLE (Line Drive, 8RS, EV 94.4 MPH) Danny Gallegos scores Steve Byerly to third Sean Peake to second Runner from 3rd tries for Home, SAFE, throw by CF to home Sean Peake to third Yorkis Saiki to second
|
Batting: SHB Manny Berrones
|
0-0: SINGLE (Groundball, 34D, EV 96.9 MPH) Sean Peake scores Yorkis Saiki to third Runner from 3rd tries for Home, SAFE, throw by RF to home Manny Berrones to second
|
Batting: RHB Bastiaan Leenders
|
0-0: Ball 1-0: Foul Ball, location: 2F 1-1: Ball 2-1: SINGLE (Line Drive, 78S, EV 96.2 MPH) Manny Berrones to third Runner from 3rd tries for Home, SAFE, throw by CF to home
|
Pitching: LHP Tristan Irwin
|
|
Batting: RHB Bobby Heagle
|
0-0: Foul Ball, location: 2F 0-1: Ball 1-1: Ball 2-1: Called Strike 2-2: Foul Ball, location: 2F 2-2: Ball 3-2: Foul Ball, location: 2F 3-2: Base on Balls Bastiaan Leenders to second
|
Batting: SHB Danny Gallegos
|
0-0: Swinging Strike 0-1: Foul Ball, location: 2F 0-2: Ball 1-2: Ball 2-2: Foul Ball, location: 2F 2-2: Foul Ball, location: 2F 2-2: Ball 3-2: Foul Ball, location: 2F 3-2: Strikes out swinging
|
Top of the 6th over - 6 runs, 4 hits, 0 errors, 2 left on base; Chicago (NYP) 13 - Idaho Falls 0 |
BOTTOM OF THE 6TH |
Idaho Falls Chukars batting - Pitching for Chicago (NYP) White Sox : RHP Jose Barreras
|
Batting: RHB Dermott Ayliffe
|
0-0: Ground out 4-3 (Groundball, 4M, EV 98.1 MPH)
|
Batting: RHB Tanner Holland
|
0-0: Called Strike 0-1: Foul Ball, location: 2F 0-2: Ball 1-2: Foul Ball, location: 2F 1-2: Strikes out swinging
|
Batting: RHB Shura Mogilny
|
0-0: Called Strike 0-1: Ball 1-1: Swinging Strike 1-2: Ball 2-2: Strikes out swinging
|
Bottom of the 6th over - 0 runs, 0 hits, 0 errors, 0 left on base; Chicago (NYP) 13 - Idaho Falls 0 |
TOP OF THE 7TH |
Chicago (NYP) White Sox batting - Pitching for Idaho Falls Chukars : LHP Tristan Irwin
|
Batting: LHB Anthony Mosley
|
0-0: Foul Ball, location: 2F 0-1: Ball 1-1: Ball 2-1: Ball 3-1: Foul Ball, location: 2F 3-2: Strikes out looking
|
Pinch Hitting: RHB Kasey Bland
|
0-0: Called Strike 0-1: Ball 1-1: Called Strike 1-2: Foul Ball, location: 2F 1-2: Ball 2-2: SOLO HOME RUN (Flyball, 7D, EV 98.1 MPH), Distance : 367 ft
|
Pinch Hitting: LHB Conor Barron
|
0-0: Ground out 4-3 (Groundball, 4, EV 89.4 MPH)
|
Pinch Hitting: RHB Andy Huntley
|
0-0: Called Strike 0-1: Ball 1-1: Foul Ball, location: 2F 1-2: Ground out 6-3 (Groundball, 6, EV 110.6 MPH)
|
Top of the 7th over - 1 run, 1 hit, 0 errors, 0 left on base; Chicago (NYP) 14 - Idaho Falls 0 |
BOTTOM OF THE 7TH |
Idaho Falls Chukars batting - Pitching for Chicago (NYP) White Sox : RHP Jose Barreras
|
Now at 1B: Conor Barron
|
|
Now at 3B: Kasey Bland
|
|
Now in CF: Andy Huntley
|
|
Pinch Hitting: RHB Jason Conner
|
0-0: DOUBLE (Line Drive, 78D, EV 103.8 MPH)
|
Batting: RHB Hugo Chavez
|
0-0: Foul Ball, location: 2F 0-1: Ground out 5-3 (Groundball, 56S, EV 76.9 MPH)
|
Batting: LHB Jayden Pelayo
|
0-0: Swinging Strike 0-1: Ball 1-1: Called Strike 1-2: Strikes out swinging
|
Batting: RHB Tim Williams
|
0-0: Swinging Strike 0-1: Ball 1-1: Ball 2-1: Ball 3-1: Called Strike 3-2: Ground out 6-3 (Groundball, 56D, EV 84.4 MPH)
|
Bottom of the 7th over - 0 runs, 1 hit, 0 errors, 1 left on base; Chicago (NYP) 14 - Idaho Falls 0 |
TOP OF THE 8TH |
Chicago (NYP) White Sox batting - Pitching for Idaho Falls Chukars : LHP Tristan Irwin
|
Now at 2B: Jason Conner
|
|
Now at SS: Tim Williams
|
|
Batting: RHB Yorkis Saiki
|
0-0: Ball 1-0: Ball 2-0: Foul Ball, location: 2F 2-1: Ground out 5-3 (Groundball, 56S, EV 65.6 MPH)
|
Batting: SHB Manny Berrones
|
0-0: Foul Ball, location: 2F 0-1: Foul Ball, location: 2F 0-2: Ball 1-2: Foul Ball, location: 2F 1-2: Ball 2-2: SINGLE (Flyball, 5D, EV 96.2 MPH)
|
Pitching: RHP Chris McCade
|
|
Batting: RHB Bastiaan Leenders
|
0-0: Foul Ball, location: 2F 0-1: SINGLE (Groundball, 4MD, EV 102.5 MPH) Manny Berrones to second Runner from 2nd tries for 3rd, OUT! 8-5 Bastiaan Leenders to second
|
Batting: RHB Bobby Heagle
|
0-0: Ball Wild Pitch! Bastiaan Leenders to third 1-0: Ball 2-0: Called Strike 2-1: Foul Ball, location: 2F 2-2: Strikes out swinging
|
Top of the 8th over - 0 runs, 2 hits, 0 errors, 1 left on base; Chicago (NYP) 14 - Idaho Falls 0 |
BOTTOM OF THE 8TH |
Idaho Falls Chukars batting - Pitching for Chicago (NYP) White Sox : RHP Jose Barreras
|
Pinch Hitting: SHB Alex Cavazos
|
0-0: Ball 1-0: Ground out 1-3 (Groundball, 13, EV 63.8 MPH)
|
Batting: SHB Glenn Harrison
|
0-0: Fly out, F7 (Flyball, 7, EV 80.6 MPH)
|
Batting: RHB Dermott Ayliffe
|
0-0: Ball 1-0: Ball 2-0: Ground out 3-1 (Groundball, 34S, EV 81.9 MPH)
|
Bottom of the 8th over - 0 runs, 0 hits, 0 errors, 0 left on base; Chicago (NYP) 14 - Idaho Falls 0 |
TOP OF THE 9TH |
Chicago (NYP) White Sox batting - Pitching for Idaho Falls Chukars : RHP Chris McCade
|
Now in LF: Alex Cavazos
|
|
Batting: SHB Danny Gallegos
|
0-0: Swinging Strike 0-1: Called Strike 0-2: Strikes out swinging
|
Batting: LHB Anthony Mosley
|
0-0: Ball 1-0: SINGLE (Groundball, 25, EV 70.6 MPH) (infield hit)
|
Batting: RHB Kasey Bland
|
0-0: Swinging Strike 0-1: Ball 1-1: Foul Ball, location: 2F 1-2: Foul Ball, location: 2F 1-2: Fly out, F9 (Flyball, 9, EV 85.6 MPH)
|
Batting: LHB Conor Barron
|
0-0: Called Strike 0-1: Foul Ball, location: 2F 0-2: 2-RUN HOME RUN (Line Drive, 89XD, EV 101.9 MPH), Distance : 398 ft
|
Pinch Hitting: RHB Ighlas Mwara
|
0-0: Ground out 5-3 (Groundball, 5L, EV 100.0 MPH)
|
Top of the 9th over - 2 runs, 2 hits, 0 errors, 0 left on base; Chicago (NYP) 16 - Idaho Falls 0 |
BOTTOM OF THE 9TH |
Idaho Falls Chukars batting - Pitching for Chicago (NYP) White Sox : RHP Jose Barreras
|
Now in CF: Ighlas Mwara
|
|
Batting: RHB Tanner Holland
|
0-0: Ball 1-0: DOUBLE (Groundball, 5L, EV 101.9 MPH)
|
Batting: RHB Shura Mogilny
|
0-0: Called Strike 0-1: Foul Ball, location: 2F 0-2: Ball 1-2: Foul Ball, location: 2F 1-2: Foul Ball, location: 2F 1-2: Strikes out swinging
|
Batting: RHB Jason Conner
|
0-0: Foul Ball, location: 2F 0-1: SINGLE (Groundball, 56D, EV 105.0 MPH) Tanner Holland to third
|
Batting: RHB Hugo Chavez
|
0-0: Ball 1-0: Swinging Strike 1-1: Ball 2-1: Ball 3-1: SINGLE (Flyball, 34D, EV 85.6 MPH) Tanner Holland scores Jason Conner to second
|
Batting: LHB Jayden Pelayo
|
0-0: SINGLE (Flyball, 8LS, EV 89.4 MPH) Jason Conner to third Hugo Chavez to second
|
Batting: RHB Tim Williams
|
0-0: Called Strike 0-1: Ball 1-1: Swinging Strike 1-2: Ball 2-2: Ball 3-2: SINGLE (Groundball, 6S, EV 75.6 MPH) (infield hit) Jason Conner scores Hugo Chavez to third Jayden Pelayo to second
|
Pitching: RHP Rick Sacket
|
|
Batting: SHB Alex Cavazos
|
0-0: Foul Ball, location: 2F 0-1: Ball 1-1: Ball 2-1: Called Strike 2-2: Strikes out swinging
|
Batting: SHB Glenn Harrison
|
0-0: Called Strike 0-1: Ball 1-1: Foul Ball, location: 2F 1-2: Strikes out swinging
|
Bottom of the 9th over - 2 runs, 5 hits, 0 errors, 3 left on base; Chicago (NYP) 16 - Idaho Falls 2 |
|